 Dungeon Crawl Stone Soup version 0.29.1-4-g47bece8355 (webtiles) character file.

Game seed: 1607730362406608924

135 sanboga the Cudgeller (level 5, -3/46 HPs)
             Began as a Meteoran Cinder Acolyte on Dec 11, 2022.
             Was a High Priest of Ignis.
             Slain by an orc
             ... wielding a +0 whip
              (5 damage)
             ... on level 6 of the Dungeon.
             The game lasted 00:02:20 (923 turns).

sanboga the Cudgeller (Meteoran Cinder Acolyte)      Turns: 923, Time: 00:02:20

Health: -3/46      AC: 12    Str: 17    XL:     5   Next: 70%
Magic:  10/10      EV:  4    Int: 15    God:    Ignis [*****.]
Gold:   79         SH:  0    Dex: 10    Spells: 10/10 levels left

rFire   + . .      SeeInvis +   a - -1 mace (flame)
rCold   . . .      Faith    .   (no shield)
rNeg    . . .      Spirit   .   f - +0 plate armour
rPois   .          Reflect  .   (no helmet)
rElec   .          Harm     .   (no cloak)
rCorr   .          Rampage  .   c - +0 pair of gloves
Will    .....                   b - +0 pair of boots
Stlth   ..........              (no amulet)
HPRegen 0.15/turn               e - ring of see invisible
MPRegen 0.12/turn               (no ring)

@: glowing
A: sense surroundings 1, otherworldly, glowing, explore regen
a: Renounce Religion, Fiery Armour, Foxfire Swarm, Rising Flame


You were on level 6 of the Dungeon.
You worshipped Ignis.
Ignis was extremely pleased with you.
You visited 1 branch of the dungeon, and saw 6 of its levels.

You collected 79 gold pieces.

Inventory:

Hand Weapons
 a - a -1 mace of flaming (weapon)
Armour
 b - a +0 pair of boots (worn)
 c - a +0 pair of gloves (worn)
 f - a +0 plate armour (worn)
Jewellery
 e - a ring of see invisible (left hand)
Scrolls
 h - a scroll of identify {unknown}
Potions
 d - a potion of heal wounds {unknown}
 g - 2 potions of curing {unknown}
 i - a potion of brilliance {unknown}


   Skills:
 + Level 4.2 Fighting
 + Level 5.1 Maces & Flails
 + Level 3.1 Spellcasting
 + Level 4.6 Fire Magic


You had 10 spell levels left.
You didn't know any spells.
Your spell library contained the following spells:

 Spells                   Type           Power      Damage    Failure   Level
 Scorch                   Fire           32%        2d6       97%         2
 Beastly Appendage        Tmut           4%         N/A       100%        1
 Wereblood                Tmut           2%         N/A       100%        2
 Spider Form              Tmut/Pois      2%         N/A       100%        3


Dungeon Overview and Level Annotations

Branches:
Dungeon (6/15) Zot: 2666
 Temple: D:4-7

Altars:


Innate Abilities, Weirdness & Mutations

You passively map a small area around you.
You are easily found by Zot.
You glow in the dark.
You regain HP and MP as you explore.


Message History

You closely miss the black bear.
The black bear is moderately wounded.
The orc hits you but does no damage.
The black bear bites you but does no damage.
The black bear claws you but does no damage.
The black bear claws you. The orc hits you with a +0 whip.
You hit the black bear. You burn the black bear.
The black bear is heavily wounded.
The orc hits you with a +0 short sword.
The black bear bites you but does no damage.
The black bear claws you but does no damage. x2
The orc barely misses you.
You barely miss the black bear.
The black bear is heavily wounded.
The orc hits you but does no damage.
The black bear bites you but does no damage.
The black bear claws you.
The black bear claws you but does no damage.
The orc hits you but does no damage. x2
The black bear bites you but does no damage.
The black bear claws you but does no damage.
The black bear claws you. The orc hits you but does no damage.
You barely miss the black bear.
The black bear is heavily wounded.
The orc hits you but does no damage. The black bear bites you.
The black bear claws you. x2; The orc hits you but does no damage.
You sock the black bear! You burn the black bear.
The black bear is almost dead.
The orc hits you with a +0 short sword. The black bear bites you!
* * * LOW HITPOINT WARNING * * *
The black bear claws you but does no damage.
The black bear claws you.
* * * LOW HITPOINT WARNING * * *
The orc barely misses you.
You closely miss the black bear.
The black bear is almost dead.
The orc hits you with a +0 short sword.
* * * LOW HITPOINT WARNING * * *
The black bear goes berserk!
The orc hits you with a +0 whip.
You die...

*#..*
##.. ,,
...####
.....##*
, , ,
..... ,
* .W.# *
, , ,*
#oh# *
*, #@o#
* * *,
#..# * ,
#.... ,
* ,
....?# *
,
......#
###...##
< ...#
.#.# * ,
* ,


You could see a black bear (berserk), a phantom and 2 orcs.

Vanquished Creatures
  A bullfrog (D:5)
  An iguana (D:5)
  2 adders
  4 orcs
  2 endoplasms
  2 goblins
  4 hobgoblins
  A quokka (D:5)
  A ball python (D:1)
  A frilled lizard (D:2)
  2 kobolds
21 creatures vanquished.

Vanquished Creatures (others)
  5 foxfires (D:2)
5 creatures vanquished.

Grand Total: 26 creatures vanquished

Notes
Turn   | Place    | Note
-------+----------+-------------------------------------------
     0 | D:1      | sanboga the Meteoran Cinder Acolyte began the quest for the
                  | Orb.
     0 | D:1      | Reached XP level 1. HP: 19/19 MP: 3/3
   456 | D:2      | Reached XP level 2. HP: 17/26 MP: 3/5
   464 | D:2      | Reached XP level 3. HP: 6/31 MP: 4/6
   707 | D:5      | Entered Level 5 of the Dungeon
   718 | D:5      | Reached XP level 4. HP: 28/40 MP: 8/8
   809 | D:5      | Noticed a bullfrog
   819 | D:5      | Killed a bullfrog
   820 | D:5      | Reached skill level 5 in Maces & Flails
   820 | D:5      | Reached XP level 5. HP: 27/46 MP: 8/10
   909 | D:6      | Noticed a black bear
   914 | D:6      | Noticed a phantom
   923 | D:6      | HP: 2/46 [orc/+0 short sword (3)]
   923 | D:6      | Slain by an orc

Illustrated notes

Levels and vault maps discovered:
D:1:      beargit_arrival_greenhouse, layout_basic,
          dreamdust_ecumenical_altar_hidden_monk_grotto
D:2:      layout_basic, basic_altar, minmay_misc_feat_pillars, st_stairs_4
D:3:      layout_basic, gup_sewer_entry_spiral
D:4:      layout_gridville, mainiacjoe_overflow_tiny_flanked,
          vehumet_altar_wand_db, nicolae_hepliaklqana_hazy_memory, uniq_ijyb,
          uniq_grinder
D:5:      cheibrodos_quashed, layout_rooms, lemuel_crystal_altar,
          kennysheep_little_box, gammafunk_temple_overflow_pools
D:6:      layout_loops_ring, nicolae_wu_jian_immortal_techniques,
          minmay_temple_entry_mini_moons

Skill      XL: |  1  2  3  4 |
---------------+-------------+-----
Spellcasting   | 2 3 |  3.1
Fire Magic     | 4 |  4.6
Fighting       | 4 |  4.2
Maces & Flails | 5 |  5.1

Action                   |  1- 3 |  4- 6 || total
-------------------------+-------+-------++-------
Melee: Mace              |    34 |    30 ||    64
       Punch             |     1 |       ||     1
Invok: Foxfire Swarm     |     1 |       ||     1
Armor: Plate armour      |    22 |    45 ||    67
       Robe              |     1 |       ||     1
Dodge: Dodged            |     8 |     6 ||    14
